 Seeded DCSS version 0.29-a0-284-gf9362112df (webtiles) character file.

Game seed: 10280712991196613600 (custom seed)

561 bwicke the Sneak (level 7, -8/32 HPs)
             Began as a Vine Stalker Enchanter on Mar 31, 2022.
             Was an Initiate of Uskayaw.
             Mangled by a gnoll shaman
             ... wielding a +2 whip of freezing
              (9 damage)
             ... on level 4 of the Dungeon.
             The game lasted 00:12:31 (4155 turns).

bwicke the Sneak (Vine Stalker Enchanter)           Turns: 4155, Time: 00:12:31

Health: -8/32      AC:  3    Str: 18    XL:     7   Next: 31%
Magic:  0/11       EV: 12    Int: 17    God:    Uskayaw [......]
Gold:   176        SH:  0    Dex: 15    Spells: 5/10 levels left

rFire   . . .      SeeInvis .   p - +9 dagger "Killer Bee's Doom" {vorpal, *Slow rElec rPois Str+8}
rCold   . . .      Faith    .   (no shield)
rNeg    . . .      Spirit   +   b - +0 robe
rPois   +          Reflect  .   (no helmet)
rElec   +          Harm     .   (no cloak)
rCorr   .          Rampage  .   (no gloves)
Will    .....                   g - +0 pair of boots
Stlth   ++++......              (no amulet)
HPRegen 0.90/turn               (no ring)
MPRegen 0.12/turn               (no ring)

@: no status effects
A: fangs 2, regeneration 1, magic shield, antimagic bite, no potion heal 2
a: Renounce Religion


You were on level 4 of the Dungeon.
You worshipped Uskayaw.
Uskayaw was noncommittal.
You visited 2 branches of the dungeon, and saw 6 of its levels.

You collected 176 gold pieces.

Inventory:

Hand Weapons
 a - a +1 dagger
 l - a +0 scimitar
 p - the +9 dagger "Killer Bee's Doom" (weapon) {vorpal, *Slow rElec rPois Str+8}
   (You found it on level 3 of the Dungeon)

   It inflicts extra damage upon your enemies.
   Str:       It affects your strength (+8).
   rElec:     It insulates you from electricity.
   rPois:     It protects you from poison.
   *Slow:     It may slow you when you take damage.
 s - a +2 whip of electrocution
 x - a +1 short sword of venom
Missiles
 d - 109 stones (quivered)
Armour
 b - a +0 robe (worn)
 g - a +0 pair of boots (worn)
Wands
 m - a wand of charming (5)
Scrolls
 e - a scroll of acquirement {unknown}
 f - 5 scrolls of identify {unknown}
 h - 3 scrolls of vulnerability {unknown}
 i - 2 scrolls of summoning {unknown}
 k - a scroll of torment {unknown}
 o - a scroll of teleportation {unknown}
 q - a scroll of magic mapping {unknown}
 r - 2 scrolls of immolation {unknown}
 u - a scroll of blinking {unknown}
 v - a scroll of enchant weapon {unknown}
Potions
 c - a potion of invisibility
 j - a potion of magic {unknown}
 n - 2 potions of might {unknown}
 t - 3 potions of heal wounds {unknown}
 w - a potion of attraction {unknown}


   Skills:
 - Level 0.8 Short Blades
 - Level 1.5 Dodging
 + Level 7.2 Stealth
 - Level 2.1 Spellcasting
 - Level 6.0 Hexes
 - Level 2.3 Ice Magic


You had 5 spell levels left.
You knew the following spells:

 Your Spells              Type           Power      Damage    Failure   Level
a - Confusing Touch       Hex            22%        N/A       4%          3
b - Ensorcelled Hibernat  Hex/Ice        32%        N/A       5%          2

Your spell library contained the following spells:

 Spells                   Type           Power      Damage    Failure   Level
 Tukima's Dance           Hex            22%        N/A       4%          3
 Dazzling Flash           Conj/Hex       24%        N/A       16%         3


Dungeon Overview and Level Annotations

Branches:
Dungeon (5/15)             Temple (1/1) D:4

Altars:
Cheibriados
Dithmenos
Elyvilon
Fedhas
Gozag
Hepliaklqana
Kikubaaqudgha
Makhleb
Nemelex Xobeh
Okawaru
Qazlal
Ru
Sif Muna
Trog
Uskayaw
Vehumet
Wu Jian
Xom
Yredelemnul
Zin
The Shining One


Innate Abilities, Weirdness & Mutations

You have extremely sharp teeth.
Your natural rate of healing is unusually fast.
When hurt, damage is shared between your health and your magic reserves.
Your bite disrupts and absorbs the magic of your enemies.
Potions cannot restore your health.


Message History

The gnoll shaman hits you with a +2 whip of freezing!
The gnoll shaman freezes you.
The gnoll hits the gnoll with a +0 spear.
The gnoll hits you from afar with a +0 spear.
* * * LOW HITPOINT WARNING * * *
The gnoll hits the quokka with a +0 spear.
There is a stone staircase leading up here.
The gnoll closely misses you.
The gnoll shaman calls upon its god to heal the gnoll.
The gnoll is healed somewhat.
You climb upwards.
There is a stone staircase leading down here.
You start resting.
HP restored.
Magic restored.
Done exploring.
There is a stone staircase leading down here.
You climb downwards.
The quokka bites you. The gnoll closely misses you.
The gnoll hits you with a +0 spear!
The gnoll shaman hits you with a +2 whip of freezing!
The gnoll shaman freezes you. The quokka closely misses you.
The gnoll misses you. The gnoll shaman closely misses you.
The gnoll hits you with a +0 spear.
The shadow imp shouts!
There is a stone staircase leading up, spattered with blood here.
The quokka barely misses you. The gnoll hits you with a +0 whip.
The gnoll barely misses you. The gnoll hits you with a +0 spear.
* * * LOW HITPOINT WARNING * * *
The gnoll shaman misses you.
You climb upwards.
There is a stone staircase leading down here.
The gnoll shaman hits you with a +2 whip of freezing!
* * * LOW HITPOINT WARNING * * *
The gnoll shaman freezes you.
* * * LOW HITPOINT WARNING * * *
The gnoll closely misses you. The gnoll barely misses you. x2
The quokka barely misses you.
The gnoll shaman attacks as you move away!
The gnoll shaman hits you with a +2 whip of freezing!
You die...

##### #.##.#####.#######.###
#.##...###.# #...####
#.##.......### ###.....
#####
#.##.###.....###########.
....##
#.##..####...............
###..####.###[#
#..##)..######.8.
####...##.#
#)###.#####)#####.... .#
###..#.###..#..#
#..)......8. .#
#.........g@## #...........
.#
#.....####grg####.......<.8.
.#####.....#
##g..).............
..........##
#..####............
#########.#####..#
#.......†...#
#.......#....#...#
#.#######....
#.......#....#.#.# #.# #)###
#.......#....#.#.####.# #.#
^..._........#.#....#.# #.#


You could see a gnoll shaman, 3 gnolls and a quokka.

Vanquished Creatures
  Menkaure (D:4)
  A phantom (D:4)
  2 scorpions
  A howler monkey (D:4)
  A hound (D:4)
  3 adders
  8 gnolls
  A dart slug (D:2)
  4 orcs (D:4)
  4 endoplasms
  4 giant cockroaches
  9 hobgoblins
  13 jackals
  4 quokkas
  7 ball pythons
  3 bats (D:1)
  4 frilled lizards
  4 goblins
  4 kobolds
  5 rats
83 creatures vanquished.

Vanquished Creatures (others)
  4 plants (D:2)
4 creatures vanquished.

Grand Total: 87 creatures vanquished

Notes
Turn   | Place    | Note
-------+----------+-------------------------------------------
     0 | D:1      | bwicke the Vine Stalker Enchanter began the quest for the
                  | Orb.
     0 | D:1      | Reached XP level 1. HP: 9/9 MP: 4/4
   222 | D:1      | Reached XP level 2. HP: 13/13 MP: 4/6
   797 | D:1      | Reached XP level 3. HP: 16/16 MP: 7/7
   801 | D:1      | Learned a level 3 spell: Confusing Touch
   804 | D:1      | Learned a level 2 spell: Ensorcelled Hibernation
  1406 | D:2      | Found a radiant altar of Vehumet.
  1727 | D:2      | Found a faded altar of an unknown god.
  2121 | D:2      | Gained mutation: Your natural rate of healing is unusually
                  | fast. [Vine Stalker growth]
  2121 | D:2      | Reached XP level 4. HP: 14/21 MP: 6/8
  2355 | D:3      | Reached skill level 5 in Hexes
  2651 | D:3      | Identified the +9 dagger "Killer Bee's Doom" {vorpal, *Slow
                  | rElec rPois Str+8}
  2774 | D:3      | Found a basalt altar of Yredelemnul.
  3107 | D:3      | Noticed a scorpion
  3114 | D:3      | Killed a scorpion
  3115 | D:3      | Reached XP level 5. HP: 23/24 MP: 5/9
  3230 | D:4      | Found a hide-covered altar of Uskayaw.
  3253 | D:4      | Reached XP level 6. HP: 15/28 MP: 0/10
  3399 | D:4      | Reached skill level 4 in Stealth
  3424 | D:4      | Noticed Menkaure
  3431 | D:4      | Killed Menkaure
  3432 | D:4      | Reached skill level 5 in Stealth
  3512 | D:4      | Found a staircase to the Ecumenical Temple.
  3519 | Temple   | Entered the Ecumenical Temple
  3713 | D:4      | Reached skill level 6 in Stealth
  3713 | D:4      | Reached XP level 7. HP: 32/32 MP: 11/11
  3810 | D:4      | Found a snail-covered altar of Cheibriados.
  3850 | D:4      | Reached skill level 7 in Stealth
  3982 | D:4      | Became a worshipper of Uskayaw the Reveller
  4066 | D:5      | Entered Level 5 of the Dungeon
  4154 | D:4      | HP: 1/32 [gnoll shaman/+2 whip of freezing (4)]
  4155 | D:4      | Mangled by a gnoll shaman

Illustrated notes

Levels and vault maps discovered:
D:1:      saegor_arrival_simple_d, layout_loops_ring
D:2:      layout_loops_cross, nicolae_ecumenical_snake_handling, basic_altar,
          serial_bayou_lagoon_a
D:3:      layout_basic, mainiacjoe_overflow_brackets
D:4:      layout_rooms, lemuel_tele_altar, eat_drink_and_be_merry_uskayaw,
          minmay_temple_entry_sparse_star, uniq_menkaure
D:5:      layout_rooms, serial_shops, shop, grunt_decor_mini_mirrors
Temple:   minmay_crystal_spiral_temple

Skill      XL: |  1  2  3  4  5  6  7 |
---------------+----------------------+-----
Hexes          | 4 6 |  6.0
Ice Magic      | 2 |  2.3
Stealth        | 6 7 |  7.2
Short Blades   | |  0.8
Dodging        | |  1.5
Spellcasting   | |  2.1

Action                   |  1- 3 |  4- 6 |  7- 9 || total
-------------------------+-------+-------+-------++-------
Melee: Dagger            |   122 |    67 |    37 ||   226
       Bite              |    27 |    15 |    12 ||    54
 Cast: Confusing Touch   |     2 |     6 |     3 ||    11
       Ensorcelled Hiber |       |     9 |     3 ||    12
  Use: Potion            |     1 |       |       ||     1
 Stab: Sleeping          |     6 |    10 |     1 ||    17
       Invisible         |     1 |       |       ||     1
       Confused          |     1 |     3 |       ||     4
Armor: Robe              |    27 |     9 |     4 ||    40
Dodge: Dodged            |    82 |    46 |    34 ||   162

Table legend: (Time is in decaauts)
 A = Elapsed time spent in this place.
 B = Non-inter-level travel time spent in this place.
 C = Inter-level travel time spent in this place.
 D = Time resting spent in this place.
 E = Time spent auto-exploring this place.
 F = Levels seen in this place.
 G = Mean time per level.
                   A        B        C        D        E       F      G
               +--------+--------+--------+--------+--------+-----+--------+
         Total |   4158 |   3910 |    248 |    328 |   2600 |   6 |  693.0 |
       Dungeon |   3972 |   3811 |    161 |    328 |   2600 |   5 |  794.4 |
        Temple |    185 |     98 |     87 |      0 |      0 |   1 |  185.0 |
               +--------+--------+--------+--------+--------+-----+--------+

Top non-repeatable levels by time:
     D:1: 1396 daAuts
     D:3: 1040 daAuts
     D:2: 914 daAuts
     D:4: 607 daAuts
  Temple: 185 daAuts
     D:5: 13 daAuts
